 Dungeon Crawl Stone Soup version 0.30-a0-169-g06f667207d (webtiles) character file.

Game seed: 14622847830308525565

378 qw the Chopper (level 6, -14/38 HPs)
             Began as a Gargoyle Fighter on Sept 29, 2022.
             Was an Initiate of Okawaru.
             Demolished by an ogre
             ... wielding a +0 giant club
              (18 damage)
             ... on level 4 of the Dungeon.
             The game lasted 00:01:28 (3346 turns).

qw the Chopper (Gargoyle Fighter)                   Turns: 3346, Time: 00:01:29

Health: -14/38     AC: 19    Str: 22    XL:     6   Next: 74%
Magic:  6/6        EV:  7    Int:  8    God:    Okawaru [......]
Gold:   143        SH:  4    Dex:  9    Spells: 5/5 levels left

rFire   + . .      SeeInvis .    Y - +1 war axe
rCold   . . .      Faith    .    c - +0 buckler
rNeg    + . .      Spirit   .    a - +0 chain mail
rPois   inf        Reflect  .    (no helmet)
rElec   +          Harm     .    (no cloak)
rCorr   .          Rampage  .    (no gloves)
Will    .....                    h - +1 pair of boots
Stlth   ..........               g - amulet of the acrobat
HPRegen 0.12/turn                i - +4 ring of protection
MPRegen 0.10/turn                k - ring of protection from fire

@: about to teleport
A: sickness immunity, AC +4, negative energy resistance 1, electricity
resistance, torment resistance 1, petrification resistance
a: Renounce Religion


You were on level 4 of the Dungeon.
You worshipped Okawaru.
Okawaru was noncommittal.
You visited 1 branch of the dungeon, and saw 4 of its levels.

You collected 143 gold pieces.


Innate Abilities, Weirdness & Mutations

You are immune to sickness and miasma.
Your stone body is resilient. (AC +4)
You are immune to poison.
You resist negative energy. (rN+)
You are resistant to electric shocks. (rElec)
You are resistant to unholy torment.
You are immune to petrification.


   Skills:
 - Level 4.0 Fighting
 - Level 6.0 Axes
 - Level 3.2 Armour
 + Level 0.0 Dodging
 - Level 3.2 Shields


You had 5 spell levels left.
You didn't know any spells.
Your spell library was empty.

Inventory:

Hand Weapons
 o - a +0 flail
 Y - a +1 war axe (weapon)
Armour
 a - a +0 chain mail (worn)
 c - a +0 buckler (worn)
 h - a +1 pair of boots (worn)
Jewellery
 g - an amulet of the acrobat (around neck)
 i - a +4 ring of protection (left hand)
 k - a ring of protection from fire (right hand)
 l - a +4 ring of evasion
Scrolls
 b - a scroll of identify
 e - 3 scrolls of teleportation
Potions
 d - a potion of might
 f - a potion of mutation
 j - a potion of brilliance {unknown}
 m - a potion of curing {unknown}
 n - a potion of ambrosia {unknown}

Dungeon Overview and Level Annotations

Branches:
Dungeon (4/15)
 Temple: D:4-7

Altars:
Okawaru

Shops:
D:3 (


Message History

You hit the water moccasin.
The water moccasin is severely wounded.
The water moccasin bites you but does no damage. x2
You slash the water moccasin!
The water moccasin is almost dead.
The water moccasin bites you but does no damage.
You block the water moccasin's attack.
You slash the water moccasin!
You kill the water moccasin!
Okawaru is honoured by your kill.
Your Axes skill increases to level 6!
Found a scale mail.
l - a +4 ring of evasion You see here a +0 scale mail.
e - 4 scrolls of teleportation (gained 1)
Found a chain mail.
You now have 143 gold pieces (gained 8).
Enter note: An ogre comes into view. It is wielding a +0 giant club.
The ogre shouts!
You hear a bark!
A hound comes into view.
3339 ||| Stepping ~*~*~tactically~*~*~ (stealth).
3340 ||| Stepping ~*~*~tactically~*~*~ (stealth).
3341 ||| Stepping ~*~*~tactically~*~*~ (stealth).
You barely miss the ogre. The ogre barely misses you.
You hit the ogre.
The ogre is lightly wounded.
The ogre hits you with a +0 giant club!!
Ouch! That really hurt!
You slash the ogre!
The ogre is severely wounded.
You barely miss the ogre.
The ogre is severely wounded.
The ogre hits you with a +0 giant club!
3346 ||| READING 4 scrolls of teleportation.
As you read the scroll of teleportation, it crumbles to dust.
You feel strangely unstable.
The ogre hits you with a +0 giant club!!
You die...

#... ... .. ...### ###
#.. #.#.###.# #
#...##.....#.### .#
......##.#.....##.#
##..#.##..........#
#...#.............##
###...........@O....#
#....................#
##............##.....
#...............#[.#
###............ ....
##.[.#.............h
####....#.....###...h.
..#............## #...
...........?....#


You could see an ogre.

Vanquished Creatures
  A water moccasin (D:4)
  Jessica (D:3)
  Terence (D:3)
  A gnoll (D:2)
  10 adders
  2 river rats (D:3)
  3 worms
  3 dart slugs
  5 orcs (D:3)
  6 endoplasms
  6 giant cockroaches
  7 goblins
  5 hobgoblins
  5 quokkas
  7 ball pythons
  4 bats
  2 frilled lizards (D:2)
  6 kobolds
  10 rats
85 creatures vanquished.

Vanquished Creatures (others)
  A plant (D:1)
1 creature vanquished.

Grand Total: 86 creatures vanquished

Notes
Turn   | Place    | Note
-------+----------+-------------------------------------------
     0 | D:1      | qw the Gargoyle Fighter began the quest for the Orb.
     0 | D:1      | Reached XP level 1. HP: 14/14 MP: 1/1
     0 | D:1      | 0 ||| qw: Version: 0.2-a-12-gaebbb33
     0 | D:1      | 0 ||| qw: Game counter: 1307
     0 | D:1      | 0 ||| qw: Always use a shield: true
     0 | D:1      | 0 ||| qw: God list: Okawaru
     0 | D:1      | 0 ||| qw: Allow faded altars: false
     0 | D:1      | 0 ||| qw: Do Orc after D:15 true
     0 | D:1      | 0 ||| qw: Do second Lair branch before Depths: true
     0 | D:1      | 0 ||| qw: Lair rune preference: random
     0 | D:1      | 0 ||| qw: Plans: Normal, Zot:1-4, God:TSO, Crypt, Tomb,
                  | Pan, Slime:5, Hells, Abyss, Orb
     0 | D:1      | 0 ||| PLANNING D:1-11
   100 | D:1      | Reached skill level 2 in Axes
   281 | D:1      | 281 ||| Stepping ~*~*~tactically~*~*~ (stealth).
   288 | D:1      | Reached XP level 2. HP: 19/19 MP: 2/2
   298 | D:1      | 298 ||| Stepping ~*~*~tactically~*~*~ (hiding).
   433 | D:1      | Found a faded altar of an unknown god.
   453 | D:1      | 453 ||| Stepping ~*~*~tactically~*~*~ (stealth).
   468 | D:1      | 468 ||| Stepping ~*~*~tactically~*~*~ (stealth).
   703 | D:1      | Reached skill level 3 in Axes
   991 | D:1      | 991 ||| UPGRADING to +0 pair of boots.
   996 | D:1      | 996 ||| UPGRADING to amulet of the acrobat.
  1001 | D:1      | 1001 ||| UPGRADING to +4 ring of protection.
  1002 | D:1      | 1002 ||| READING scroll labelled PAR ECOLYU.
  1003 | D:1      | 1003 ||| READING scroll labelled MUOXKYTABA.
  1046 | D:2      | 1046 ||| STAIRDANCE
  1053 | D:1      | Reached XP level 3. HP: 22/23 MP: 3/3
  1276 | D:2      | Reached XP level 4. HP: 28/28 MP: 4/4
  1330 | D:2      | 1330 ||| Stepping ~*~*~tactically~*~*~ (stealth).
  1332 | D:2      | 1332 ||| Stepping ~*~*~tactically~*~*~ (stealth).
  1339 | D:2      | Reached skill level 4 in Axes
  1349 | D:2      | 1349 ||| Stepping ~*~*~tactically~*~*~ (stealth).
  1355 | D:2      | 1355 ||| Stepping ~*~*~tactically~*~*~ (stealth).
  1441 | D:2      | 1441 ||| Stepping ~*~*~tactically~*~*~ (hiding).
  1728 | D:2      | Reached XP level 5. HP: 27/32 MP: 5/5
  2090 | D:2      | 2090 ||| UPGRADING to +0 chain mail.
  2100 | D:2      | 2100 ||| DROPPING +0 scale mail.
  2101 | D:2      | 2101 ||| READING scroll labelled EKYTOL KITI.
  2105 | D:2      | 2105 ||| READING scroll labelled KIAMOA OPYIRETT.
  2106 | D:2      | 2106 ||| READING scroll labelled ZANNUEQOLO.
  2107 | D:2      | 2107 ||| READING scroll labelled WADIJIT MULIG.
  2124 | D:3      | Found an iron altar of Okawaru.
  2125 | D:3      | 2125 ||| PLANNING OKAWARU WORSHIP
  2129 | D:3      | 2129 ||| STAIRDANCE
  2138 | D:3      | Noticed Jessica
  2147 | D:3      | Killed Jessica
  2235 | D:3      | Reached skill level 5 in Axes
  2326 | D:3      | Found Wetzeps's Antique Weapon Emporium.
  2331 | D:3      | 2331 ||| SHOPLISTING glowing war axe (156 gold, have 92).
  2409 | D:3      | 2409 ||| Stepping ~*~*~tactically~*~*~ (stealth).
  2423 | D:3      | Noticed Terence
  2425 | D:3      | 2425 ||| Stepping ~*~*~tactically~*~*~ (stealth).
  2426 | D:3      | 2426 ||| Stepping ~*~*~tactically~*~*~ (stealth).
  2433 | D:3      | Killed Terence
  2434 | D:3      | 2434 ||| Stepping ~*~*~tactically~*~*~ (stealth).
  2539 | D:3      | 2539 ||| DROPPING +0 whip.
  2697 | D:3      | 2697 ||| READING scroll of enchant armour.
  2697 | D:3      | 2697 ||| ENCHANTING +0 pair of boots.
  2844 | D:3      | 2844 ||| RIP SEWER
  2871 | D:3      | 2871 ||| PLANNING OKAWARU WORSHIP
  2876 | D:3      | Reached XP level 6. HP: 38/38 MP: 6/6
  2876 | D:3      | 2876 ||| UPGRADING to ring of protection from fire.
  2877 | D:3      | 2877 ||| READING scroll labelled QARUBB MAFAKE.
  2878 | D:3      | 2878 ||| READING 2 scrolls of identify.
  2878 | D:3      | 2878 ||| IDENTIFYING bubbling blue potion
  2913 | D:3      | Became a worshipper of Warmaster Okawaru
  2914 | D:3      | 2914 ||| PLANNING D:1-11
  3290 | D:4      | Noticed a water moccasin
  3302 | D:4      | Killed a water moccasin
  3303 | D:4      | Reached skill level 6 in Axes
  3339 | D:4      | 3339 ||| Stepping ~*~*~tactically~*~*~ (stealth).
  3340 | D:4      | 3340 ||| Stepping ~*~*~tactically~*~*~ (stealth).
  3341 | D:4      | 3341 ||| Stepping ~*~*~tactically~*~*~ (stealth).
  3345 | D:4      | HP: 4/38 [ogre/+0 giant club (10)]
  3346 | D:4      | 3346 ||| READING 4 scrolls of teleportation.
  3346 | D:4      | Demolished by an ogre

Levels and vault maps discovered:
D:1:      psy_arrival_radial02, layout_basic,
          shapermc_ecumenical_altar_mp_ritualfount
D:2:      minmay_wonky_spiral, layout_basic, minmay_quantized
D:3:      layout_basic, okawaru_gym_becter, lightli_sewer_entry_pipes,
          serial_shops, nicolae_shop_hallway_plus, grunt_ministairs_15,
          lightli_corner_chamber, uniq_jessica, uniq_terence
D:4:      layout_cave_pools, jmf_multi_god_temple, mainiacjoe_overflow_alcove_4,
          minmay_temple_entry_grid

Skill      XL: |  1  2  3  4  5  6 |
---------------+-------------------+-----
Axes           | 2 3 4 5 6 |  6.0
Fighting       | 4 |  4.0
Armour         | |  3.2
Shields        | |  3.2

Action                   |  1- 3 |  4- 6 || total
-------------------------+-------+-------++-------
Melee: War axe           |    94 |   222 ||   316
  Use: Scroll            |     2 |     8 ||    10
Armor: Scale mail        |    42 |    27 ||    69
       Chain mail        |       |    89 ||    89
Dodge: Dodged            |    47 |    92 ||   139
Block: Buckler           |    16 |    37 ||    53

Table legend:
 A = Non-vault XP
 B = Vault XP
 C = Vault XP percentage of total XP
 D = Non-vault monster count
 E = Vault monster count
 F = Vault count percentage of total count
                 A         B        C        D         E       F
            +---------+---------+-------+---------+---------+-------
      Total |     369 |     171 |  31.7 |      65 |      20 |  23.5
            +---------+---------+-------+---------+---------+-------
        D:1 |      45 |       0 |   0.0 |      21 |       0 |   0.0
        D:2 |     100 |      34 |  25.4 |      22 |       9 |  29.0
        D:3 |      52 |     137 |  72.5 |      20 |      11 |  35.5
        D:4 |     172 |       0 |   0.0 |       2 |       0 |   0.0
            +---------+---------+-------+---------+---------+-------
